 Dungeon Crawl Stone Soup version 0.30-a0-570-g486de37d69 (webtiles) character file.

Game seed: 1765998540606211991

140 Jaime2 the Covered (level 5, 0/46 HPs)
             Began as a Minotaur Fighter on Dec 29, 2022.
             Slain by a kobold
             ... wielding a +0 short sword
              (4 damage)
             ... on level 4 of the Dungeon.
             The game lasted 00:19:56 (2131 turns).

Jaime2 the Covered (Minotaur Fighter)               Turns: 2131, Time: 00:19:57

Health: 0/46       AC:  7    Str: 21    XL:     5   Next: 2%
Magic:  4/4        EV:  9    Int:  5    God:
Gold:   88         SH:  4    Dex: 11    Spells: 4/4 levels left

rFire   + . .      SeeInvis .    a - +0 long sword
rCold   + . .      Faith    .    c - +0 buckler
rNeg    + . .      Spirit   .    b - +0 scale mail
rPois   .          Reflect  .    (helmet restricted)
rElec   .          Harm     .    e - scarf {rC+ rF+}
rCorr   .          Rampage  .    (no gloves)
Will    .....                    (no boots) Stlth
                                 (no amulet)
HPRegen 0.27/turn                f - ring of positive energy
MPRegen 0.09/turn                (no ring)

@: no status effects
A: horns 2, retaliatory headbutt
a: no special abilities


You were on level 4 of the Dungeon.
You visited 1 branch of the dungeon, and saw 4 of its levels.

You collected 88 gold pieces.

Inventory:

Hand Weapons
 a - a +0 long sword (weapon)
 k - a +1 vampiric dagger
 m - a +0 mace
 o - a +3 mace
Armour
 b - a +0 scale mail (worn)
 c - a +0 buckler (worn)
 e - a scarf of resistance (worn)
Jewellery
 f - a ring of positive energy (left hand)
 i - a ring of flight
 l - an amulet of regeneration
 p - a ring of ice
Scrolls
 q - a scroll of acquirement {unknown}
Potions
 d - 3 potions of might
 g - a potion of flight
 h - 4 potions of curing
 j - a potion of magic
 n - 4 potions of lignification {unknown}
 s - 2 potions of brilliance {unknown}
 t - a potion of heal wounds {unknown}
 u - a potion of haste {unknown}


   Skills:
 + Level 4.2 Fighting
 + Level 4.1 Long Blades
 + Level 4.8 Armour
 + Level 1.2 Dodging
 + Level 0.1 Stealth
 + Level 4.1 Shields


You had 4 spell levels left.
You didn't know any spells.
Your spell library was empty.

Dungeon Overview and Level Annotations

Branches:
Dungeon (4/15)
 Temple: D:4-7

Altars:
Makhleb
Wu Jian

Annotations:
D:4 HoaS's ghost, amateur TeHu


Innate Abilities, Weirdness & Mutations

You have a pair of horns on your head.
You reflexively headbutt those who attack you in melee.


Message History

HP restored.
You see here a +0 whip.
Things that are here:
a +0 dagger; 5 poisoned darts; a kobold corpse
There is a stone staircase leading down here.
You climb downwards.
Level annotation: HoaS's ghost, amateur TeHu The kobold barely misses you.
The kobold hits you but does no damage. Space warps horribly around you!!
The kobold hits you but does no damage. You block the kobold's attack.
There is a stone staircase leading up here.
You closely miss the kobold. You headbutt the kobold.
You kill the kobold!
You hit HoaS's ghost.
HoaS's ghost is moderately damaged.
HoaS's ghost hits you but does no damage.
The kobold barely misses you. You furiously retaliate!
You headbutt the kobold!
You kill the kobold!
You hit HoaS's ghost.
HoaS's ghost is moderately damaged.
HoaS's ghost barely misses you. You furiously retaliate!
You headbutt HoaS's ghost! You block the kobold's attack.
You hit HoaS's ghost.
HoaS's ghost is severely damaged.
HoaS's ghost wails, "You will never get the ORB!"
HoaS's ghost hits you! The kobold hits you but does no damage.
HoaS's ghost barely misses you.
You closely miss HoaS's ghost.
HoaS's ghost is severely damaged.
HoaS's ghost hits you!
* * * LOW HITPOINT WARNING * * *
You closely miss HoaS's ghost. Your headbutt misses HoaS's ghost.
HoaS's ghost is severely damaged.
HoaS's ghost hits you.
* * * LOW HITPOINT WARNING * * *
The kobold brigand barely misses you. HoaS's ghost hits you.
* * * LOW HITPOINT WARNING * * *
The kobold hits you with a +0 short sword.
You die...

# #......# # #......# #
#......# # .. #......# #
+.... #......# # #....
+......# #
#....#####......#+## #
#.......######.....# #
#.......#@K..#..##### #
#.......#WK..#.##.8.## #
#.......'K...'.#.....# +
#.......#....#.'.###.. #
#.......#....).'.....$ #
+.......###'##.'.###.$ #####
#......W.......#.....#
....####.......W......##.8P##
.......................#####


You could see a kobold brigand, HoaS's ghost and 2 kobolds.

Vanquished Creatures
  A jelly (D:3)
  3 adders (D:3)
  2 worms (D:3)
  3 dart slugs
  4 ball pythons
  4 endoplasms
  9 giant cockroaches
  7 goblins
  9 hobgoblins
  4 jackals (D:3)
  A quokka (D:4)
  3 bats
  2 frilled lizards
  9 kobolds
  4 rats
65 creatures vanquished.

Vanquished Creatures (others)
  A fungus (D:4)
  2 plants (D:4)
3 creatures vanquished.

Grand Total: 68 creatures vanquished

Notes
Turn   | Place    | Note
-------+----------+-------------------------------------------
     0 | D:1      | Jaime2 the Minotaur Fighter began the quest for the Orb.
     0 | D:1      | Reached XP level 1. HP: 19/19 MP: 0/0
   174 | D:1      | Reached XP level 2. HP: 24/27 MP: 1/1
   376 | D:1      | Found a burning altar of Makhleb.
   751 | D:2      | Reached XP level 3. HP: 33/33 MP: 2/2
  1432 | D:3      | Reached XP level 4. HP: 38/40 MP: 3/3
  1609 | D:3      | Found an ornate altar of the Wu Jian Council.
  1646 | D:3      | Reached skill level 1 in Dodging
  1949 | D:4      | Found a runed translucent gate.
  1949 | D:4      | Found a runed translucent gate.
  1950 | D:4      | Noticed a kobold brigand
  1952 | D:4      | Noticed HoaS's ghost (amateur TeHu)
  1954 | D:4      | Found a runed translucent gate.
  2001 | D:3      | Reached XP level 5. HP: 13/46 MP: 4/4
  2131 | D:4      | Slain by a kobold

Illustrated notes

Levels and vault maps discovered:
D:1:      lightli_arrival_statue_moat, layout_basic, minmay_hexomino_r4
D:2:      kennysheep_big_flooded_room, layout_basic, supply_closet_lemuel
D:3:      layout_rooms, lemuel_tele_altar
D:4:      layout_gridville, fedhas_altar_2, gammafunk_ghost_nasty_kobolds,
          uniq_eustachio

Skill      XL: |  1  2  3  4 |
---------------+-------------+-----
Fighting       | 4 |  4.2
Armour         | 4 |  4.8
Shields        | 4 |  4.1
Long Blades    | 3 4 |  4.1
Dodging        | 1 |  1.2
Stealth        | |  0.1

Action                   |  1- 3 |  4- 6 || total
-------------------------+-------+-------++-------
Melee: Long sword        |    90 |    45 ||   135
       Headbutt          |    13 |    11 ||    24
  Use: Scroll            |     6 |     2 ||     8
Armor: Scale mail        |    52 |    26 ||    78
Dodge: Dodged            |    54 |    27 ||    81
Block: Buckler           |    19 |    14 ||    33

Table legend: (Time is in decaauts)
 A = Elapsed time spent in this place.
 B = Non-inter-level travel time spent in this place.
 C = Inter-level travel time spent in this place.
 D = Time resting spent in this place.
 E = Time spent auto-exploring this place.
 F = Levels seen in this place.
 G = Mean time per level.
                   A        B        C        D        E       F      G
               +--------+--------+--------+--------+--------+-----+--------+
         Total |   2165 |   1965 |    200 |    119 |      0 |   4 |  541.2 |
       Dungeon |   2165 |   1965 |    200 |    119 |      0 |   4 |  541.2 |
               +--------+--------+--------+--------+--------+-----+--------+

Top non-repeatable levels by time:
     D:3: 695 daAuts
     D:1: 695 daAuts
     D:2: 678 daAuts
     D:4: 96 daAuts
